 Dungeon Crawl Stone Soup version 0.30-a0-292-g0f741e3f8e (webtiles) character file.

Game seed: 12769895326348069738

1 imvujax the Conjurer (level 1, -2/15 HPs)
             Began as a Naga Conjurer on Oct 17, 2022.
             Frozen to death by an endoplasm (3 damage)
             ... on level 1 of the Dungeon.
             The game lasted 00:01:13 (30 turns).

imvujax the Conjurer (Naga Conjurer)                  Turns: 30, Time: 00:01:13

Health: -2/15      AC:  1    Str:  9    XL:     1   Next: 20%
Magic:  1/3        EV:  9    Int: 18    God:
Gold:   0          SH:  0    Dex:  9    Spells: 3/4 levels left

rFire   . . .      SeeInvis +    (no weapon)
rCold   . . .      Faith    .    (no shield)
rNeg    . . .      Spirit   .    a - +0 robe
rPois   +          Reflect  .    (no helmet)
rElec   .          Harm     .    (no cloak)
rCorr   .          Rampage  .    (no gloves)
Will    .....                    (no barding)
Stlth   ++........               (no amulet)
HPRegen 0.22/turn                (no ring)
MPRegen 0.08/turn                (no ring)

@: very slow
A: AC +0, large, see invisible, deformed body, poison resistance, slowness 2,
spit poison 1, naga tail 1
a: Spit Poison


You were on level 1 of the Dungeon.
You visited 1 branch of the dungeon, and saw 1 of its levels.

Inventory:

Armour
 a - a +0 robe (worn)
Jewellery
 c - a ring of magical power
Potions
 b - a potion of magic


   Skills:
 + Level 1.5 Dodging
 + Level 3.0 Stealth
 + Level 2.0 Spellcasting
 + Level 4.0 Conjurations


You had 3 spell levels left.
You knew the following spells:

 Your Spells              Type           Power      Damage    Failure   Level
a - Magic Dart            Conj           64%        1d6       3%          1

Your spell library contained the following spells:

 Spells                   Type           Power      Damage    Failure   Level
 Searing Ray              Conj           32%        2d5       5%          2
 Dazzling Flash           Conj/Hex       18%        N/A       24%         3
 Fulminant Prism          Conj/Hex       4%         3d6       61%         4
 Iskenderun's Mystic Bla  Conj/Tloc      9%         2d4       61%         4


Dungeon Overview and Level Annotations

Branches:
Dungeon (1/15)

Altars:


Innate Abilities, Weirdness & Mutations

Your serpentine skin is tough. (AC +0)
You have supernaturally acute eyesight. (SInv)
Armour fits poorly on your strangely shaped body.
Your system is resistant to poisons. (rPois)
You cover ground very slowly.
You can spit poison.
You have a snake-like lower body.


Message History

There is a staircase leading out of the dungeon here.
Found a large iron ring.
c - a ring of magical power Unknown command.
Unknown command.
An endoplasm comes into view.
The magic dart hits the endoplasm but does no damage.
The endoplasm quivers.
An endoplasm comes into view.
The magic dart hits the endoplasm.
The endoplasm is severely wounded.
The magic dart hits the endoplasm.
You kill the endoplasm!
You are out of magic!
You are out of magic!
You are out of magic!
You are out of magic!
The endoplasm barely misses you.
You hit the endoplasm but do no damage.
The endoplasm hits you but does no damage.
You hit the endoplasm but do no damage. The endoplasm freezes you.
You are frozen.
The endoplasm freezes you.
You are frozen.
You barely miss the endoplasm. The endoplasm hits you.
You hit the endoplasm.
The endoplasm is moderately wounded.
The endoplasm freezes you.
You are frozen.
You hit the endoplasm but do no damage.
The endoplasm is moderately wounded.
The endoplasm freezes you.
You are frozen.
* * * LOW HITPOINT WARNING * * *
You hit the endoplasm.
The endoplasm is heavily wounded.
The endoplasm freezes you.
You are frozen.
You die...

# #### #. ##... ... #..#
....################.#
...................#
#..#.............##
#..J@..##..≈§≈≈..####
#.....##....§≈≈≈≈≈.....
.....#########§§§≈§≈§..<>.
#### #.§§≈≈≈§.§...
#..≈≈≈§...#..
##.......##.. ######.#. ..
...#. ## ####


You could see an endoplasm.

Vanquished Creatures
  An endoplasm (D:1)
1 creature vanquished.

Notes
Turn   | Place    | Note
-------+----------+-------------------------------------------
     0 | D:1      | imvujax the Naga Conjurer began the quest for the Orb.
     0 | D:1      | Reached XP level 1. HP: 15/15 MP: 3/3
    30 | D:1      | Frozen to death by an endoplasm

Illustrated notes

Levels and vault maps discovered:
D:1:      dpeg_arrival_pits, layout_rooms, corner_web_ring, serial_park_tiny_2

Action                   || total
-------------------------++-------
Melee: Unarmed           ||     6
 Cast: Magic Dart        ||     3
Armor: Robe              ||     1
Dodge: Dodged            ||     1

Table legend: (Time is in decaauts)
 A = Elapsed time spent in this place.
 B = Non-inter-level travel time spent in this place.
 C = Inter-level travel time spent in this place.
 D = Time resting spent in this place.
 E = Time spent auto-exploring this place.
 F = Levels seen in this place.
 G = Mean time per level.
                   A        B        C        D        E       F      G
               +--------+--------+--------+--------+--------+-----+--------+
         Total |     38 |     22 |     16 |      0 |      0 |   1 |   38.0 |
       Dungeon |     38 |     22 |     16 |      0 |      0 |   1 |   38.0 |
               +--------+--------+--------+--------+--------+-----+--------+

Top non-repeatable levels by time:
     D:1: 38 daAuts
